 Dungeon Crawl Stone Soup version 0.28.0-45-g0d030f2227 (webtiles) character file.

Game seed: 8582050243078442948

124 Ablot the Cutter (level 5, -1/47 HPs)
             Began as a Gnoll Chaos Knight on Apr 14, 2022.
             Was a Plaything of Xom.
             Killed from afar by Sigmund (7 damage)
             ... with a puff of flame
             ... on level 3 of the Dungeon.
             The game lasted 00:02:37 (2476 turns).

Ablot the Cutter (Gnoll Chaos Knight)               Turns: 2476, Time: 00:02:38

Health: -1/47      AC:  5    Str: 14    XL:     5   Next: 8%
Magic:  16/16      EV: 12    Int: 11    God:    Xom [..*...]
Gold:   75         SH:  0    Dex: 11    Spells: 6/6 levels left

rFire   . . .      SeeInvis .   a - +0 short sword (chaos)
rCold   . . .      Faith    .   (no shield)
rNeg    . . .      Spirit   .   b - +2 leather armour
rPois   .          Reflect  .   (no helmet)
rElec   .          Harm     .   (no cloak)
rCorr   .          Rampage  .   e - +0 pair of gloves
Will    .....                   (no boots)
Stlth   +.........              h - amulet of regeneration
HPRegen 0.95/turn               i - ring of magical power
MPRegen 0.15/turn               (no ring)

@: no status effects
A: fangs 1, strong nose, distributed training, deformed body
a: Renounce Religion


You were on level 3 of the Dungeon.
You worshipped Xom.
You were a toy of Xom.
You visited 1 branch of the dungeon, and saw 3 of its levels.

You collected 75 gold pieces.

Inventory:

Hand Weapons
 a - a +0 short sword of chaos (weapon)
Missiles
 g - 128 stones (quivered)
 m - 4 boomerangs
Armour
 b - a +2 leather armour (worn)
 e - a +0 pair of gloves (worn)
Jewellery
 h - an amulet of regeneration (around neck)
 i - a ring of magical power (left hand)
Scrolls
 c - 3 scrolls of teleportation {unknown}
 d - 4 scrolls of amnesia {unknown}
 f - a scroll of fear {unknown}
 j - a scroll of blinking {unknown}
 k - a scroll of enchant armour {unknown}
 l - a scroll of identify {unknown}


   Skills:
 + Level 6.6 Fighting
 + Level 6.6 Short Blades
 + Level 1.3 Long Blades
 + Level 1.3 Axes
 + Level 1.3 Maces & Flails
 + Level 1.3 Polearms
 + Level 1.3 Staves
 + Level 1.3 Slings
 + Level 1.3 Bows
 + Level 1.3 Crossbows
 + Level 1.3 Throwing
 + Level 4.7 Armour
 + Level 2.9 Dodging
 + Level 1.3 Stealth
 + Level 1.3 Shields
 + Level 1.3 Unarmed Combat
 + Level 1.3 Spellcasting
 + Level 1.1 Conjurations
 + Level 1.1 Hexes
 + Level 1.1 Summonings
 + Level 1.1 Necromancy
 + Level 1.1 Translocations
 + Level 1.1 Transmutations
 + Level 1.1 Fire Magic
 + Level 1.1 Ice Magic
 + Level 1.1 Air Magic
 + Level 1.1 Earth Magic
 + Level 1.1 Poison Magic
 + Level 1.5 Invocations
 + Level 1.3 Evocations


You had 6 spell levels left.
You didn't know any spells.
Your spell library was empty.

Dungeon Overview and Level Annotations

Branches:
Dungeon (3/15)

Altars:
Dithmenos
Fedhas
Okawaru
Sif Muna

Annotations:
D:3 3 runed translucent doors, exclusion: 3 doors, Ablot's ghost, amateur GnCK; Sigmund


Innate Abilities, Weirdness & Mutations

You have very sharp teeth.
Your uncanny sense of smell can sniff out nearby items.
Your experience applies equally to all skills.
Armour fits poorly on your strangely shaped body.


Message History

You miss something. You bite something.
You hear some strange, mumbled words.
A magic dart appears from out of thin air!
The magic dart hits you.
You miss something. You closely miss something. Something hits you.
You barely miss something. You miss something. Something hits you.
You hit something. Lightning courses through something! Something hits you.
You miss something. You miss something. You bite something.
You hear some strange, mumbled words.
You are confused.
You barely miss something.
You bump into the rock wall.
Something hits you!
You miss something. Something hits you.
You bump into the rock wall.
Something hits you. Something hits you.
You bump into the rock wall.
You bump into the rock wall.
You feel less confused. Something hits you but does no damage.
You barely miss something. Your bite misses something. Something hits you.
You hit something.
Nothing appears to happen.
Your bite misses something. You completely miss something. Something hits you!
* * * LOW HITPOINT WARNING * * *
You closely miss something. You closely miss something. Something hits you!
* * * LOW HITPOINT WARNING * * *
You closely miss something. You barely miss something. Something hits you.
* * * LOW HITPOINT WARNING * * *
You hit something.
Nothing appears to happen.
You barely miss something.
You hear some strange, mumbled words.
A puff of flame appears from out of thin air!
The puff of flame hits you!
You die... "It's all fun and games until someone loses an eye."

#......# #...##
#......####.....
###..........^....
#.................
#.....#...........
#.......#####.#...
...<##..###
#...#...
####.#####..#
#.#####.
#.(...{@....#
#...#...
#.##.######.#
###.#..# ..#
#..... ###
######.#.#
#......#.#
#########..###.#.#
#..........# #...#
#..##.#....###.#.#
#..##.#...#...##.#


There were no monsters in sight!

Vanquished Creatures
  2 orc wizards (D:3)
  3 adders
  A dart slug (D:2)
  7 orcs (D:3)
  3 endoplasms
  2 giant cockroaches (D:2)
  6 goblins
  A hobgoblin (D:2)
  3 kobolds
  2 quokkas
  2 ball pythons
  2 bats
  A frilled lizard (D:3)
  8 rats
43 creatures vanquished.

Vanquished Creatures (others)
  A plant (D:3)
1 creature vanquished.

Grand Total: 44 creatures vanquished

Notes
Turn   | Place    | Note
-------+----------+-------------------------------------------
     0 | D:1      | Ablot the Gnoll Chaos Knight began the quest for the Orb.
     0 | D:1      | Reached XP level 1. HP: 23/23 MP: 1/1
   267 | D:1      | Found a faded altar of an unknown god.
   525 | D:1      | Reached XP level 2. HP: 29/29 MP: 2/2
   762 | D:1      | XOM: silly message
  1294 | D:2      | XOM: potion effect (haste)
  1309 | D:2      | Reached XP level 3. HP: 33/35 MP: 3/3
  1431 | D:2      | Reached skill level 1 in Invocations
  1457 | D:2      | XOM: confuse monster(s)
  1652 | D:1      | XOM: give mutation
  1652 | D:1      | Gained mutation: Armour fits poorly on your strangely
                  | shaped body. [Xom's mischief]
  1878 | D:3      | Reached skill level 1 in Long Blades
  1878 | D:3      | Reached skill level 1 in Axes
  1878 | D:3      | Reached skill level 1 in Maces & Flails
  1878 | D:3      | Reached skill level 1 in Polearms
  1878 | D:3      | Reached skill level 1 in Staves
  1878 | D:3      | Reached skill level 1 in Slings
  1878 | D:3      | Reached skill level 1 in Bows
  1878 | D:3      | Reached skill level 1 in Crossbows
  1878 | D:3      | Reached skill level 1 in Throwing
  1878 | D:3      | Reached skill level 1 in Stealth
  1878 | D:3      | Reached skill level 1 in Shields
  1878 | D:3      | Reached skill level 1 in Unarmed Combat
  1878 | D:3      | Reached skill level 1 in Spellcasting
  1878 | D:3      | Reached skill level 1 in Evocations
  1893 | D:3      | Reached XP level 4. HP: 33/41 MP: 5/5
  1949 | D:3      | XOM: divination: magic mapping
  1971 | D:3      | XOM: cast spell 'Leda's Liquefaction'
  1989 | D:3      | XOM: noise
  2006 | D:3      | Reached skill level 1 in Conjurations
  2006 | D:3      | Reached skill level 1 in Hexes
  2006 | D:3      | Reached skill level 1 in Summonings
  2006 | D:3      | Reached skill level 1 in Necromancy
  2006 | D:3      | Reached skill level 1 in Translocations
  2006 | D:3      | Reached skill level 1 in Transmutations
  2006 | D:3      | Reached skill level 1 in Fire Magic
  2006 | D:3      | Reached skill level 1 in Ice Magic
  2006 | D:3      | Reached skill level 1 in Air Magic
  2006 | D:3      | Reached skill level 1 in Earth Magic
  2006 | D:3      | Reached skill level 1 in Poison Magic
  2052 | D:3      | Found a runed translucent gate.
  2052 | D:3      | Found a runed translucent gate.
  2052 | D:3      | Found a runed translucent gate.
  2052 | D:3      | Noticed Ablot's ghost (amateur GnCK)
  2178 | D:3      | XOM: divination: detect items
  2202 | D:3      | Found a shimmering blue altar of Sif Muna.
  2215 | D:3      | Found a shadowy altar of Dithmenos.
  2215 | D:3      | Found a blossoming altar of Fedhas.
  2252 | D:3      | Reached XP level 5. HP: 43/47 MP: 7/7
  2346 | D:3      | Found an iron altar of Okawaru.
  2346 | D:3      | XOM: 7-stop teleportation journey
  2435 | D:3      | Noticed Sigmund
  2444 | D:3      | XOM: smoke on damage
  2476 | D:3      | Killed from afar by Sigmund

Illustrated notes

Levels and vault maps discovered:
D:1:      dpeg_arrival_connections, layout_basic,
          dreamdust_ecumenical_altar_drowned_temple
D:2:      layout_basic
D:3:      layout_loops_cross, general_overflow_altar,
          gammafunk_temple_overflow_forgotten, lemuel_coloured_pillars_altar,
          ebering_ghost_rock_garden, uniq_sigmund

Skill      XL: |  1  2  3  4 |
---------------+-------------+-----
Invocations    | 1 |  1.5
Long Blades    | 1 |  1.3
Axes           | 1 |  1.3
Maces & Flails | 1 |  1.3
Polearms       | 1 |  1.3
Staves         | 1 |  1.3
Slings         | 1 |  1.3
Bows           | 1 |  1.3
Crossbows      | 1 |  1.3
Throwing       | 1 |  1.3
Stealth        | 1 |  1.3
Shields        | 1 |  1.3
Unarmed Combat | 1 |  1.3
Spellcasting   | 1 |  1.3
Evocations     | 1 |  1.3
Conjurations   | 1 |  1.1
Hexes          | 1 |  1.1
Summonings     | 1 |  1.1
Necromancy     | 1 |  1.1
Translocations | 1 |  1.1
Transmutations | 1 |  1.1
Fire Magic     | 1 |  1.1
Ice Magic      | 1 |  1.1
Air Magic      | 1 |  1.1
Earth Magic    | 1 |  1.1
Poison Magic   | 1 |  1.1
Fighting       | |  6.6
Short Blades   | |  6.6
Armour         | |  4.7
Dodging        | |  2.9

Action                   |  1- 3 |  4- 6 || total
-------------------------+-------+-------++-------
Melee: Short sword       |   108 |    77 ||   185
       Bite              |    12 |     6 ||    18
       Punch             |     1 |       ||     1
Throw: Dart              |       |     4 ||     4
  Use: Potion            |       |     2 ||     2
 Stab: Confused          |     1 |       ||     1
       Sleeping          |     1 |       ||     1
Armor: Leather armour    |    30 |     9 ||    39
Dodge: Dodged            |    48 |    20 ||    68
